 Dungeon Crawl Stone Soup version 0.24.1-14-gf8d2b509d9 (webtiles) character file.

Game seed: 6212059398176638439, levelgen mode: deterministic

42 MrZane the Skirmisher (level 3, -8/29 HPs)
             Began as a Demonspawn Berserker on Nov 30, 2022.
             Was a Believer of Trog.
             Mangled by an ogre
             ... wielding a +0 giant spiked club
              (22 damage)
             ... on level 4 of the Dungeon.
             The game lasted 00:10:40 (1419 turns).

MrZane the Skirmisher (Demonspawn Berserker)        Turns: 1419, Time: 00:10:40

Health: -8/29      AC:  4    Str: 18    XL:     3   Next: 33%
Magic:  3/3        EV: 12    Int:  8    God:    Trog [**....]
Gold:   73         SH:  0    Dex: 12    Spells: 2/2 levels left

rFire    . . .     SeeInvis .   a - +0 short sword
rCold    . . .     Gourm    .   (no shield)
rNeg     . . .     Faith    .   b - +0 animal skin
rPois    .         Spirit   .   (no helmet)
rElec    .         Reflect  .   (no cloak)
rCorr    .         Harm     .   (no gloves)
MR       .....                  (no boots)
Stlth    ++........             (no amulet)
HPRegen  0.09/turn              (no ring)
MPRegen  0.08/turn              (no ring)

@: no status effects
A: slimy green scales 1, nightstalker 1
a: Berserk, Trog's Hand, Renounce Religion


You were on level 4 of the Dungeon.
You worshipped Trog.
Trog was pleased with you.
You were completely stuffed.

You visited 1 branch of the dungeon, and saw 3 of its levels.

You collected 73 gold pieces.

Inventory:

Hand Weapons
 a - a +0 short sword (weapon)
 d - a +0 spear
Missiles
 f - 58 stones (quivered)
 g - 6 boomerangs
Armour
 b - a +0 animal skin (worn)
Scrolls
 j - a scroll of identify {unknown}
Potions
 e - a potion of might {unknown}
 h - a potion of mutation {unknown}
 i - a potion of curing {unknown}
Comestibles
 c - a ration


   Skills:
 + Level 3.5 Fighting
 + Level 3.4 Short Blades
 + Level 1.8 Armour
 + Level 2.0 Dodging
 + Level 0.4 Stealth


You had 2 spell levels left.
You didn't know any spells.
Your spell library was empty.

Dungeon Overview and Level Annotations

Branches:
Dungeon (2/15)

Altars:


Innate Abilities, Weirdness & Mutations

You are partially covered in slimy green scales. (AC +2)
You are slightly more attuned to the shadows.


Message History

The ogre is lightly wounded.
The ogre closely misses you.
You hit the ogre.
The ogre is moderately wounded.
You hit the ogre.
The ogre is heavily wounded.
The ogre closely misses you.
You barely miss the ogre.
The ogre is heavily wounded.
The ogre misses you.
You hit the ogre.
The ogre is severely wounded.
You hit the ogre.
The ogre is severely wounded.
The ogre barely misses you.
You completely miss the ogre.
The ogre is severely wounded.
The ogre hits you with a +0 giant spiked club!!
Ouch! That really hurt!
You die...

#......# #......#
#......# #####
.......######...######.
.##....##..............
.##....##.......%......
.#####.##.....$........
.# #.##..............
.#####.##.......@O.....
................!...>..
.......................
.......................
...#....#..............
.>.#....#..............
...#....#..............
...#....#.......
...#....#.......


You could see an ogre.

Vanquished Creatures
  An ooze (D:1)
  A worm (D:2)
  A dart slug (D:1)
  4 bats (D:1)
  2 giant cockroaches (D:1)
  4 goblins
  3 hobgoblins
  5 jackals
  2 kobolds (D:2)
  A quokka (D:2)
  A ball python (D:1)
  3 frilled lizards
  A rat (D:1)
29 creatures vanquished.

Notes
Turn   | Place    | Note
-------+----------+-------------------------------------------
     0 | D:1      | MrZane the Demonspawn Berserker began the quest for the
                  | Orb.
     0 | D:1      | Reached XP level 1. HP: 18/18 MP: 1/1
   708 | D:1      | Gained mutation: You are slightly more attuned to the
                  | shadows. [demonic ancestry]
   708 | D:1      | Reached XP level 2. HP: 16/24 MP: 2/2
  1057 | D:1      | Reached ** piety under Trog
  1098 | D:2      | Gained mutation: You are partially covered in slimy green
                  | scales. (AC +2) [demonic ancestry]
  1098 | D:2      | Reached XP level 3. HP: 17/29 MP: 3/3
  1357 | D:2      | You fall into a shaft and drop 2 floors!
  1402 | D:4      | Noticed an ogre
  1419 | D:4      | Mangled by an ogre

Levels and vault maps discovered:
D:1:      minmay_arrival_cross, layout_loops_ring
D:2:      layout_basic
D:4:      layout_basic, first_ration

Skill      XL: |  1  2  3 |
---------------+----------+-----
Short Blades   | 3 |  3.4
Dodging        | 2 |  2.0
Fighting       | |  3.5
Armour         | |  1.8
Stealth        | |  0.4

Action                   || total
-------------------------++-------
Melee: Short sword       ||   139
 Stab: Sleeping          ||     2
  Eat: Ration            ||     3
Armor: Animal skin       ||    45
Dodge: Dodged            ||   105
